 Dungeon Crawl Stone Soup version 0.28.0-49-g6dfe1f597d (webtiles) character file.

Game seed: 9059203459440146200

23845 nickcage the Slicer (level 12, -22/60 HPs)
             Began as a Spriggan Venom Mage on May 18, 2022.
             Was a Priest of Dithmenos.
             Killed from afar by an oklob plant (27 damage)
             ... with a splash of acid
             ... on level 3 of the Lair of Beasts.
             The game lasted 01:43:28 (20748 turns).

nickcage the Slicer (Spriggan Venom Mage)          Turns: 20748, Time: 01:43:28

Health: -22/60     AC: -2    Str:  4    XL:     12   Next: 75%
Magic:  36/38      EV: 21    Int: 24    God:    Dithmenos [***...]
Gold:   972        SH:  0    Dex: 16    Spells: 9/35 levels left

rFire   . . .      SeeInvis +   z - +5 short sword
rCold   . . .      Faith    .   (no shield)
rNeg    . . .      Spirit   .   a - +0 robe
rPois   .          Reflect  .   G - +2 hat {Int+3}
rElec   .          Harm     .   w - +1 cloak
rCorr   .          Rampage  .   (gloves unavailable)
Will    ++...                   (boots unavailable)
Stlth   ++++++....              (no amulet)
HPRegen 0.20/turn               t - ring of magical power
MPRegen 0.26/turn               p - +4 ring of evasion

@: corroded, wreathed by umbra, very quick
A: very small, no large weapons, unfitting armour, see invisible, speed 3
a: Renounce Religion, Shadow Step


You were on level 3 of the Lair of Beasts.
You worshipped Dithmenos.
Dithmenos was most pleased with you.
You visited 3 branches of the dungeon, and saw 16 of its levels.

You collected 1014 gold pieces.
You spent 42 gold pieces at shops.

Inventory:

Hand Weapons
 e - the +6 hand axe "Woet" {vorpal, rPois rC- Int+3}
   (You found it on level 3 of the Dungeon)

   It inflicts extra damage upon your enemies.
   Int:       It affects your intelligence (+3).
   rC:        It makes you vulnerable to cold.
   rPois:     It protects you from poison.
 g - a +1 dagger of electrocution
 s - a +0 rapier
 z - a +5 short sword (weapon)
 B - a +2 long sword of flaming
Missiles
 k - 4 throwing nets
Armour
 a - a +0 robe (worn)
 w - a +1 cloak (worn)
 C - a +0 troll leather armour
 G - a +2 hat of intelligence (worn)
Jewellery
 b - a ring of flight
 p - a +4 ring of evasion (right hand)
 t - a ring of magical power (left hand)
 D - an amulet of faith
 L - a +6 ring of strength
 P - an amulet of guardian spirit
Wands
 i - a wand of flame (46)
 A - a wand of polymorph (4)
 F - a wand of charming (7)
Scrolls
 q - 2 scrolls of vulnerability
 r - 2 scrolls of enchant weapon
 u - 2 scrolls of enchant armour
 v - 2 scrolls of brand weapon
 y - 4 scrolls of identify
 E - 2 scrolls of amnesia
 H - a scroll of teleportation
 J - a scroll of fear
 N - 3 scrolls of fog
Potions
 c - 4 potions of degeneration
 d - 2 potions of flight
 f - a potion of ambrosia
 h - 2 potions of heal wounds
 j - 5 potions of curing
 l - 3 potions of lignification
 m - 4 potions of might
 n - a potion of attraction
 o - 3 potions of haste
 x - 3 potions of brilliance
 I - a potion of cancellation {unknown}
 K - a potion of mutation {unknown}
 M - a potion of magic {unknown}
 O - a potion of resistance {unknown}


   Skills:
 * Level 5.9 Fighting
 * Level 12.6 Short Blades
 - Level 2.6 Dodging
 - Level 9.1 Stealth
 - Level 12.0 Spellcasting
 - Level 6.0 Hexes
 - Level 3.0 Necromancy
 * Level 4.0 Transmutations
 - Level 10.0 Poison Magic
 - Level 5.0 Invocations


You had 9 spell levels left.
You knew the following spells:

 Your Spells              Type           Power      Damage    Failure   Level
a - Sting                 Tmut/Pois      100%       1d8       1%          1
b - Poisonous Vapours     Pois/Air       76%        N/A       1%          2
c - Mephitic Cloud        Conj/Pois/Air  30%        N/A       3%          3
d - Olgreb's Toxic Radia  Pois           58%        N/A       1%          4
e - Slow                  Hex            100%       N/A       1%          1
f - Ensorcelled Hibernat  Hex/Ice        56%        N/A       1%          2
g - Fulminant Prism       Conj/Hex       14%        3d9       12%         4
h - Dispel Undead         Necr           29%        3d13      12%         4
i - Yara's Violent Unrav  Hex/Tmut       19%        3d9       16%         5

Your spell library contained the following spells:

 Spells                   Type           Power      Damage    Failure   Level
 Confusing Touch          Hex            43%        N/A       1%          3
 Passwall                 Tmut/Erth      20%        N/A       2%          2
 Portal Projectile        Hex/Tloc       56%        N/A       3%          3
 Vampiric Draining        Necr           29%        2d8       3%          3
 Magic Dart               Conj           56%        1d5       4%          1
 Call Imp                 Summ           14%        N/A       6%          2
 Static Discharge         Conj/Air       14%        N/A       6%          2
 Leda's Liquefaction      Hex/Erth       14%        N/A       12%         4
 Call Canine Familiar     Summ           14%        N/A       13%         3
 Gell's Gravitas          Tloc           14%        N/A       13%         3
 Lesser Beckoning         Tloc           14%        N/A       13%         3
 Swiftness                Air            14%        N/A       13%         3
 Teleport Other           Tloc           14%        N/A       13%         3
 Blade Hands              Tmut           16%        N/A       22%         5
 Excruciating Wounds      Necr           14%        N/A       32%         5
 Iskenderun's Mystic Bla  Conj/Tloc      14%        2d5       38%         4
 Sticky Flame             Conj/Fire      14%        2d4       38%         4
 Lee's Rapid Deconstruct  Erth           7%         3d7*      75%         5
 Enfeeble                 Hex            21%        N/A       97%         7
 Dispersal                Tloc           7%         N/A       100%        6


Dungeon Overview and Level Annotations

Branches:
Dungeon (11/15)            Temple (0/1) D:7            Lair (4/6) D:9
  Swamp (0/4) Lair:2       Spider (0/4) Lair:3          Orc (1/2) D:10

Altars:
Cheibriados
Dithmenos
Fedhas
Kikubaaqudgha
Makhleb
Qazlal
Ru
Trog
Wu Jian
Xom
Yredelemnul
Zin
The Shining One

Shops:
D:2 !

Annotations:
D:8 Maggie
D:11 Josephine
Lair:3 exclusion: oklob plant


Innate Abilities, Weirdness & Mutations

You are very small and have problems with some larger weapons.
You are too small for most types of armour.
You have supernaturally acute eyesight. (SInv)
You cover ground extremely quickly. (Speed+++)


Message History

There is a hole to the Spider Nest here.
Partly explored, can't reach some items and places.
Okay, then.
Really walk into a travel-excluded area?
An oklob plant is nearby!
Aiming: Shadow Step
Press: ? - help, Dir - move target, f - oklob plant
Aim: an oklob plant (unaware, hasn't noticed you, umbra)
You step into the oklob plant's shadow.
Press: ? - help, v - describe, . - travel The floor.
This square is wreathed by an umbra.
You hit the oklob plant but do no damage.
You hit the oklob plant.
The oklob plant is lightly damaged.
You hit the oklob plant but do no damage.
The oklob plant is lightly damaged.
You hit the oklob plant but do no damage.
The oklob plant is lightly damaged.
You hit the oklob plant but do no damage.
The oklob plant is lightly damaged.
The oklob plant spits acid at you. The splash of acid hits you!!
You hit the oklob plant but do no damage.
The oklob plant is lightly damaged.
You hit the oklob plant but do no damage.
The oklob plant is lightly damaged.
You hit the oklob plant but do no damage.
The oklob plant is lightly damaged.
You puncture the oklob plant!
The oklob plant is moderately damaged.
The oklob plant spits acid at you. The splash of acid hits you!
The acid corrodes you! The oklob plant spits acid at you.
The splash of acid hits you!
* * * LOW HITPOINT WARNING * * *
The acid corrodes you! The oklob plant spits acid at you.
The splash of acid hits you!!
You die...

###.........##.#......#......8...
.###........#.......>.+........<.
..###......#.....###.....#...8...
...##.$............##....#.......
..###......P...........#....##...
.###..#.....#.###......#......##.
####.......#.#.##........##......
#.##..#........###.....#..###....
....##........#.@###P..#### ###'#
.........(P..........P..# #....
.................##...#######....
..#............##....##.##..#8.>.
....?.........###...........#....
#.##..........###...##......#..8.
.###........#................####
###.....?...##..............## #
............###..#...........# ##


You could see an oklob plant.

Vanquished Creatures
  4 hydras
  A boulder beetle (Lair:3)
  A death yak (Lair:4)
  Urug (D:10)
  2 deep elf zephyrmancers (D:11)
  An oklob plant (Lair:1)
  A cyclops (D:11)
  Joseph (D:7)
  2 black mambas (Lair:3)
  5 cane toads
  A rime drake (Lair:2)
  2 unseen horrors (D:11)
  3 komodo dragons
  2 trolls
  A polar bear (Lair:3)
  Prince Ribbit (D:6)
  12 blink frogs
  5 culicivoras
  12 yaks
  4 wraiths (D:11)
  Eustachio (D:5)
  A steam dragon (D:9)
  2 vampire mosquitoes (D:10)
  3 basilisks
  A swamp worm (Lair:2)
  A water moccasin (Lair:2)
  Duvessa (D:6)
  A swamp drake (D:11)
  8 orc warriors
  3 sky beasts
  2 black bears
  A necrophage (D:6)
  4 ogres
  13 wolves
  3 centaurs
  A phantom (D:5)
  A gnoll sergeant (D:6)
  2 wyvern zombies
  9 bullfrogs
  3 scorpions
  2 water moccasin zombies (D:6)
  A wyvern skeleton (D:6)
  Dowan (D:6)
  A water moccasin skeleton (D:5)
  14 wights
  4 killer bees
  3 electric eels (D:9)
  4 howler monkeys
  A crimson imp (D:11)
  2 bullfrog zombies
  6 centaur zombies
  2 jellies
  2 orc priests
  Crazy Yiuf (D:6)
  3 gnoll shamans
  A hound (D:9)
  An iron imp (D:11)
  3 iguanas
  11 orc wizards
  A hound zombie (D:5)
  A hound skeleton (D:4)
  2 howler monkey zombies (D:7)
  20 gnolls
  6 adders
  A shadow imp (D:11)
  A white imp (D:11)
  An ufetubus (D:7)
  An adder zombie (D:3)
  An adder skeleton (D:4)
  A worm (D:3)
  3 dart slugs
  38 orcs
  7 ball pythons
  4 endoplasms
  3 giant cockroaches
  5 goblins
  7 hobgoblins
  2 quokkas
  3 bats
  A frilled lizard (D:1)
  7 kobolds
  A quokka zombie (D:3)
  6 rats
309 creatures vanquished.

Vanquished Creatures (others)
  3 fulminant prisms
  19 fungi
  13 plants
35 creatures vanquished.

Grand Total: 344 creatures vanquished

Notes
Turn   | Place    | Note
-------+----------+-------------------------------------------
     0 | D:1      | nickcage the Spriggan Venom Mage began the quest for the
                  | Orb.
     0 | D:1      | Reached XP level 1. HP: 9/9 MP: 5/5
   374 | D:1      | Reached XP level 2. HP: 13/13 MP: 5/7
   399 | D:1      | Found a faded altar of an unknown god.
   843 | D:1      | Learned a level 2 spell: Poisonous Vapours
  1192 | D:2      | Found Foomes's Distillery.
  1225 | D:2      | Reached XP level 3. HP: 16/16 MP: 3/8
  1318 | D:2      | Bought a potion of curing for 42 gold pieces
  1565 | D:2      | Found an ancient bone altar of Kikubaaqudgha.
  1731 | D:2      | Identified a scroll of acquirement
  1731 | D:2      | Acquired a book of Debilitation
  1952 | D:3      | Found a basalt altar of Yredelemnul.
  2014 | D:3      | Reached XP level 4. HP: 21/21 MP: 5/9
  2018 | D:3      | Learned a level 3 spell: Mephitic Cloud
  2370 | D:3      | Reached skill level 5 in Poison Magic
  2503 | D:3      | Identified the +6 hand axe "Woet" {vorpal, rPois rC- Int+3}
  2938 | D:3      | Learned a level 4 spell: Olgreb's Toxic Radiance
  2991 | D:4      | Reached XP level 5. HP: 20/24 MP: 9/11
  3067 | D:4      | Found a bloodstained altar of Trog.
  3170 | D:4      | Found a burning altar of Makhleb.
  3613 | D:4      | Reached XP level 6. HP: 28/28 MP: 10/13
  3954 | D:5      | Entered Level 5 of the Dungeon
  4007 | D:5      | Noticed a sky beast
  4027 | D:5      | Killed a sky beast
  4037 | D:5      | Reached XP level 7. HP: 32/32 MP: 6/14
  4103 | D:5      | Noticed Eustachio
  4137 | D:5      | Killed Eustachio
  5211 | D:5      | Reached XP level 8. HP: 36/36 MP: 12/16
  5377 | D:5      | Identified the +3 leather armour of the Watchman {Str+3}
  5538 | D:6      | Reached skill level 5 in Spellcasting
  5587 | D:5      | Reached skill level 5 in Stealth
  5824 | D:6      | Reached skill level 1 in Short Blades
  6777 | D:6      | Learned a level 1 spell: Slow
  6793 | D:6      | Noticed Prince Ribbit
  6803 | D:6      | Killed Prince Ribbit
  6804 | D:6      | Reached skill level 1 in Hexes
  7048 | D:6      | Found a sacrificial altar of Ru.
  7115 | D:6      | Found a shadowy altar of Dithmenos.
  7248 | D:6      | Reached XP level 9. HP: 20/39 MP: 20/20
  7396 | D:6      | Found a runed translucent door.
  7397 | D:6      | Noticed Crazy Yiuf
  7407 | D:6      | Killed Crazy Yiuf
  7447 | D:6      | Noticed Dowan
  7449 | D:6      | Noticed Duvessa
  7456 | D:6      | Killed Duvessa
  7459 | D:6      | Killed Dowan
  7595 | D:6      | Became a worshipper of Dithmenos the Shadowed
  8638 | D:7      | Reached skill level 5 in Short Blades
  8916 | D:7      | Reached skill level 5 in Hexes
  8916 | D:7      | Reached skill level 1 in Invocations
  9806 | D:7      | Found a staircase to the Ecumenical Temple.
  9903 | D:8      | Noticed Joseph
  9907 | D:8      | Reached skill level 1 in Fighting
  9936 | D:7      | Killed Joseph
  9936 | D:7      | Reached * piety under Dithmenos
 10120 | D:8      | Found a blossoming altar of Fedhas.
 10402 | D:8      | Noticed Maggie
 10625 | D:8      | Reached XP level 10. HP: 46/46 MP: 21/21
 11044 | D:8      | Found a shimmering altar of Xom.
 11045 | D:8      | Found a shimmering altar of Xom.
 11046 | D:8      | Found a shimmering altar of Xom.
 11052 | D:8      | Found a shimmering altar of Xom.
 11053 | D:8      | Found a shimmering altar of Xom.
 11285 | D:8      | Found a glowing silver altar of Zin.
 12031 | D:9      | Reached ** piety under Dithmenos
 12180 | D:9      | Found a staircase to the Lair.
 12827 | D:10     | Entered Level 10 of the Dungeon
 12873 | D:10     | Found an ornate altar of the Wu Jian Council.
 12908 | D:10     | Noticed Urug
 12975 | D:10     | Killed Urug
 13047 | D:10     | Found a staircase to the Orcish Mines.
 13177 | D:10     | Reached skill level 10 in Short Blades
 13260 | D:10     | Noticed a gargoyle
 13305 | D:10     | Learned a level 2 spell: Ensorcelled Hibernation
 13324 | D:10     | Found a glowing golden altar of the Shining One.
 13583 | D:10     | Noticed a four-headed hydra
 13630 | D:10     | Killed a four-headed hydra
 14048 | D:11     | Reached XP level 11. HP: 53/53 MP: 10/22
 14272 | D:11     | Noticed a deep elf zephyrmancer
 14275 | D:11     | Killed a deep elf zephyrmancer
 14282 | D:11     | Noticed a deep elf zephyrmancer
 14285 | D:11     | Killed a deep elf zephyrmancer
 14330 | D:11     | Noticed Josephine
 15341 | D:11     | Reached skill level 5 in Fighting
 15717 | Orc:1    | Entered Level 1 of the Orcish Mines
 15761 | Orc:1    | Noticed an orc knight
 15992 | Lair:1   | Entered Level 1 of the Lair of Beasts
 16063 | Lair:1   | Noticed an oklob plant
 16222 | Lair:1   | Reached *** piety under Dithmenos
 16393 | Lair:1   | Noticed a four-headed hydra
 16433 | Lair:1   | Killed a four-headed hydra
 16566 | Lair:1   | Found a stormy altar of Qazlal.
 16828 | Lair:1   | Killed an oklob plant
 16838 | Lair:1   | Learned a level 4 spell: Fulminant Prism
 16843 | Lair:1   | Learned a level 4 spell: Dispel Undead
 17136 | Lair:2   | Reached skill level 10 in Poison Magic
 17207 | Lair:2   | Noticed a seven-headed hydra
 17210 | Lair:2   | Noticed a six-headed hydra
 17299 | Lair:2   | Reached skill level 1 in Necromancy
 17307 | Lair:2   | Reached skill level 10 in Spellcasting
 17307 | Lair:2   | Reached XP level 12. HP: 32/60 MP: 25/27
 17963 | Lair:2   | Killed a six-headed hydra
 18374 | Lair:2   | Found a staircase to the Swamp.
 18545 | Lair:3   | Noticed a five-headed hydra
 19034 | Lair:4   | Noticed a catoblepas
 19174 | Lair:4   | Noticed a death yak
 19176 | Lair:4   | Noticed a death yak
 19215 | Lair:4   | Killed a death yak
 20203 | Lair:3   | Learned a level 5 spell: Yara's Violent Unravelling
 20214 | Lair:3   | Found a hole to the Spider Nest.
 20257 | Lair:3   | Noticed a boulder beetle
 20277 | Lair:3   | Killed a boulder beetle
 20306 | Lair:3   | Reached skill level 5 in Invocations
 20330 | Lair:3   | Killed a five-headed hydra
 20496 | Lair:3   | Found a snail-covered altar of Cheibriados.
 20748 | Lair:3   | Killed from afar by an oklob plant

Illustrated notes

Levels and vault maps discovered:
D:1:      amcnicky_arrival_feature_with_door, layout_basic,
          basic_ecumenical_altar, minmay_fountain_box, minmay_misc_feat_alley
D:2:      layout_loops_ring, basic_altar, serial_shops, shop
D:3:      layout_loops_cross, lemuel_zombie_altar_yredelemnul,
          grunt_decor_arrowhead, st_stairs_14, corexii_hall_statues_l,
          minmay_starry_boxes
D:4:      layout_basic, mainiacjoe_overflow_catch_the_wave,
          kennysheep_generic_room_9
D:5:      layout_loops_ring, st_stairs_3, grunt_decor_cap, uniq_eustachio
D:6:      layout_loops_ring, kennysheep_mini, lemuel_tele_altar, uniq_duvessa,
          uniq_prince_ribbit1, uniq_crazy_yiuf_cottage
D:7:      layout_cave_pools, minmay_temple_entry_nine_rooms, st_stairs_2,
          minmay_fractal_squares_5
D:8:      layout_cave_pools, xom_shifter_show, zin_academy,
          mainiacjoe_overflow_catwalk, nrook_mini_backslash,
          minmay_chambers_of_fives, uniq_maggie, uniq_joseph
D:9:      layout_basic, erik_lair_island
D:10:     layout_stronghold, general_overflow_altar, amcnicky_altar_gilded,
          david_orc_3, grunt_ministairs_12, ebering_dispersal_statue_hall,
          uniq_grum, uniq_urug
D:11:     layout_gridville, hangedman_minor_magic, uniq_josephine
Lair:1:   layout_long_grid, lemuel_oklob_altar
Lair:2:   layout_cave_pods, palyth_hydra_swamp_entry, serial_bayou_pond_c
Lair:3:   layout_misc_corridors, hellmonk_spider_entry_life_and_decay,
          basic_altar, dpeg_stationary_puzzle, grunt_megastairs_2
Lair:4:   layout_small_grid, serial_forest, infiniplex_forest_lined_corner,
          infiniplex_forest_lined_3, infiniplex_forest_corner_1,
          infiniplex_forest_zigzag_1, serial_bayou_shore_a
Orc:1:    layout_diamond_mine, gammafunk_ghost_fury_of_okawaru, basic_altar

Skill      XL: |  1  2  3  4  5  6  7  8  9 10 11 12 |
---------------+-------------------------------------+-----
Spellcasting   | 3 4 7 10 12 | 12.0
Transmutations | 2 4 |  4.0
Poison Magic   | 4 5 6 7 9 10 | 10.0
Stealth        | 7 8 9 |  9.1
Short Blades   | 3 6 10 12 | 12.6
Hexes          | 1 5 6 |  6.0
Invocations    | 3 4 5 |  5.0
Fighting       | 1 4 5 |  5.9
Necromancy     | 1 3 |  3.0
Dodging        | |  2.6

Action                   |  1- 3 |  4- 6 |  7- 9 | 10-12 || total
-------------------------+-------+-------+-------+-------++-------
Melee: Unarmed           |     1 |       |       |       ||     1
       Dagger            |    48 |    12 |       |       ||    60
       Punch             |     1 |       |     4 |     2 ||     7
       Hand axe          |       |    41 |   164 |    19 ||   224
       Short sword       |       |       |    63 |   353 ||   416
 Cast: Sting             |    55 |    60 |   106 |   104 ||   325
       Olgreb's Toxic Ra |       |       |    15 |    48 ||    63
       Mephitic Cloud    |       |       |     2 |     2 ||     4
       Poisonous Vapours |       |       |     7 |    26 ||    33
       Slow              |       |       |     1 |    13 ||    14
       Ensorcelled Hiber |       |       |       |    76 ||    76
       Fulminant Prism   |       |       |       |     3 ||     3
Invok: Shadow Step       |       |       |       |     2 ||     2
  Use: Scroll            |     3 |     5 |    10 |     7 ||    25
       Potion            |       |       |     1 |     2 ||     3
 Stab: Sleeping          |     7 |     5 |     7 |    50 ||    69
       Distracted        |       |     1 |     1 |       ||     2
       Confused          |       |       |     2 |     1 ||     3
Armor: Robe              |       |     4 |    14 |    37 ||    55
Dodge: Dodged            |    62 |    59 |   260 |   343 ||   724
